 Dungeon Crawl Stone Soup version 0.23-b1-70-gd12f7cf (webtiles) character file.

Game seed: 15126666199286325024

138 Yuikono the Sneak (level 5, -13/28 HPs)
             Began as a Spriggan Abyssal Knight on Feb 6, 2019.
             Was a Priest of Lugonu.
             Killed by divine providence
             ... invoked by an orc priest
              (15 damage)
             ... on level 4 of the Dungeon.
             The game lasted 00:12:29 (5027 turns).

Yuikono the Sneak (Spriggan Abyssal Knight)         Turns: 5027, Time: 00:12:30

Health: -13/28     AC:  2    Str:  8    XL:     5   Next: 1%
Magic:  7/7        EV: 19    Int: 13    God:    Lugonu [***...]
Gold:   199        SH:  0    Dex: 17    Spells: 4/4 levels left

rFire    + . .     SeeInvis +   v - +0 blowgun
rCold    x . .     Gourm    .   (shield restricted)
rNeg     . . .     Faith    .   b - +0 robe
rPois    .         Spirit   .   (helmet restricted)
rElec    .         Reflect  .   (no cloak)
rCorr    .         Harm     .   (gloves unavailable)
MR       .....                  (boots unavailable)
Stlth    ++++......             (no amulet)
HPRegen  0.09/turn              l - ring of stealth
MPRegen  0.10/turn              o - ring of fire

@: very quick
A: very small, unfitting armour, see invisible, herbivore, speed 3, slow
metabolism 2
a: Depart the Abyss, Bend Space, Banish, Renounce Religion


You were on level 4 of the Dungeon.
You worshipped Lugonu.
Lugonu was most pleased with you.
You were not hungry.

You visited 1 branch of the dungeon, and saw 4 of its levels.
You visited the Abyss 1 time.

You collected 199 gold pieces.

Inventory:

Hand Weapons
 a - a +1 short sword
 i - a +0 dagger
 k - a +0 spear
 q - a +0 hunting sling
 v - a +0 blowgun (weapon)
Missiles
 d - 139 stones
 e - 22 bolts
 t - 36 arrows
 u - 8 poisoned needles (quivered)
Armour
 b - a +0 robe (worn)
Jewellery
 l - a ring of stealth (left hand)
 o - a ring of fire (right hand)
Scrolls
 g - 6 scrolls of identify {unknown}
 h - a scroll of enchant armour {unknown}
 m - 3 scrolls of fog {unknown}
 p - a scroll of blinking {unknown}
 s - a scroll of remove curse {unknown}
 y - a scroll of immolation {unknown}
Potions
 f - a potion of might {unknown}
 j - a potion of mutation {unknown}
 n - a potion of resistance {unknown}
 r - a potion of agility
 w - a potion of flight {unknown}
 x - a potion of curing {unknown}
 z - a potion of brilliance {unknown}
Comestibles
 c - 5 rations


   Skills:
 - Level 3.0 Fighting
 + Level 3.8 Short Blades
 + Level 1.6 Slings
 - Level 3.5 Dodging
 + Level 4.0 Stealth
 - Level 1.7 Invocations


You had 4 spell levels left.
You didn't know any spells.
Your spell library was empty.

Dungeon Overview and Level Annotations

Branches:
Dungeon (4/15)
 Temple: D:4-7

Altars:
Ashenzari
Sif Muna

Annotations:
D:3 2 transporters


Innate Abilities, Weirdness & Mutations

You are very small and have problems with some larger weapons.
You are too small for most types of armour.
You have supernaturally acute eyesight. (SInv)
You are a herbivore.
You cover ground extremely quickly.
You need to consume almost no food.


Message History

The poisoned needle hits the orc priest.
The orc priest looks even sicker.
The orc priest is severely wounded.
The orc priest calls down the wrath of Beogh upon you.
Beogh smites you!
* * * LOW HITPOINT WARNING * * *
Wield which item (- for none, * to show all)? (? for menu, Esc to quit)
Okay, then.
The orc looks more healthy.
Okay, then.
Firing (i - inventory. (/) - cycle)
u - 9 poisoned needles (quivered)
Press: ? - help, Shift-Dir - straight line, f/p - orc priest
Aim: an orc priest, wielding a +0 dagger (severely wounded, poisoned)
You shoot a poisoned needle.
The poisoned needle hits the orc priest.
The orc priest is severely wounded.
The orc priest invokes the aid of Beogh against you.
Beogh smites you!
Ouch! That really hurt!
You die...

#...#.#.######.......#
#..##.....###........#
#.####...(#.........##
#.##................###
#.........#.......(...#
##...##...#.......(.###
...###..#.........#.o##
.###...##...##....#...##
#........##.@..##(..#
........##...#.##o..##
..........#..##.....##
.....##....รท...#.o..##
.....#.........o.####
...>.........##
........#..###
....#.###.## .ss.## ###


You could see an orc priest.

Vanquished Creatures
  2 adders
  2 oozes
  An adder skeleton (D:4)
  5 worms
  3 dart slugs
  4 leopard geckos
  7 orcs (D:3)
  3 ball pythons
  3 giant cockroaches
  6 goblins
  7 hobgoblins
  12 kobolds
  3 quokkas
  6 bats
  8 frilled lizards
  11 rats
83 creatures vanquished.

Notes
Turn   | Place    | Note
-------+----------+-------------------------------------------
     0 | Abyss:1  | Yuikono the Spriggan Abyssal Knight began the quest for the
                  | Orb.
     0 | Abyss:1  | Reached XP level 1. HP: 11/11 MP: 3/3
    11 | D:1      | Escaped the Abyss
    54 | D:1      | Reached skill level 1 in Stealth
   329 | D:1      | Reached XP level 2. HP: 16/16 MP: 4/4
   461 | D:1      | Reached ** piety under Lugonu
   551 | D:1      | Reached skill level 2 in Stealth
   906 | D:1      | Reached XP level 3. HP: 19/19 MP: 5/5
  2453 | D:2      | Reached skill level 3 in Stealth
  2783 | D:2      | Reached XP level 4. HP: 24/24 MP: 6/6
  2929 | D:2      | Found a deep blue altar of Sif Muna.
  3087 | D:3      | Found a transporter.
  3091 | D:3      | Noticed a kobold demonologist
  3284 | D:3      | Found a transporter.
  3517 | D:3      | Reached skill level 1 in Slings
  3809 | D:3      | Reached *** piety under Lugonu
  4089 | D:3      | Found a shattered altar of Ashenzari.
  4771 | D:4      | Reached skill level 4 in Stealth
  4772 | D:4      | Reached XP level 5. HP: 14/28 MP: 7/7
  5015 | D:4      | HP: 1/28 [orc priest/divine providence (13)]
  5027 | D:4      | Killed from afar by an orc priest

Skill      XL: |  1  2  3  4 |
---------------+-------------+-----
Stealth        | 1 2 3 4 |  4.0
Short Blades   | 3 |  3.8
Fighting       | 3 |  3.0
Slings         | 1 |  1.6
Dodging        | |  3.5
Invocations    | |  1.7

Action                   |  1- 3 |  4- 6 || total
-------------------------+-------+-------++-------
Melee: Short sword       |   103 |   120 ||   223
       Dagger            |    88 |    17 ||   105
       Spear             |    39 |       ||    39
 Fire: Hunting sling     |    18 |    22 ||    40
       Blowgun           |       |     9 ||     9
Throw: Stone             |     9 |     6 ||    15
 Stab: Sleeping          |    10 |    10 ||    20
  Eat: Ration            |       |     1 ||     1
Armor: Robe              |    11 |     6 ||    17
Dodge: Dodged            |   113 |   100 ||   213
